[ AOE2 MATCH · #506524869 ]
UnrankedMagyars vs Cumans
Player's team · WIN
Rival team · LOSS
[ REPLAY ANALYSIS · EXTRACTED FROM THE RECORDED GAME ]
Feudal
11:02
Castle
15:21
Imperial
—
| APM avg | 66.4 |
| APM peak | 110 |
| eAPM avg | 18.7 |
| Villagers / military | 34 / 17 |
Focus
⚔️ 20.3% · 🌾 79.7%
Magyar Huszar ×16 · Monk ×1
Feudal
8:35
Castle
—
Imperial
—
| APM avg | 52.0 |
| APM peak | 118 |
| eAPM avg | 21.5 |
| Villagers / military | 51 / 2 |
Focus
⚔️ 33.3% · 🌾 66.7%
Battering Ram ×2
Match map
Initial resources + every placement click. Lines = walls · curves = elevation contours. ◆ gold · ⬟ stone · ● berries · ✦ relic · ◌ wall gap
Your base· Open — unwalled flank
Thomas Sankara's base· Open — unwalled flank
Smoothed initial terrain · ◌ = detected wall gap · hover for details
Inputs per minute
— Tom Tucker - - Thomas Sankara
Build order — Tom Tucker
86 actions detected in the replay
| 0:00 | Create | Villager (Male) |
| 0:01 | Create | Villager (Male) |
| 0:02 | Build | House |
| 0:04 | Build | House |
| 0:25 | Create | Villager (Male) |
| 0:47 | Create | Villager (Male) |
| 1:36 | Create | Villager (Male) |
| 1:50 | Build | Lumber Camp |
| 2:01 | Create | Villager (Male) |
| 2:01 | Create | Villager (Male) |
| 2:16 | Create | Villager (Male) |
| 2:55 | Create | Villager (Male) |
| 3:17 | Create | Villager (Male) |
| 3:35 | Create | Villager (Male) |
| 4:05 | Create | Villager (Male) |
| 4:38 | Create | Villager (Male) |
| 4:55 | Create | Villager (Male) |
| 4:55 | Create | Villager (Male) |
| 5:20 | Create | Villager (Male) |
| 5:26 | Build | House |
| 5:27 | Build | House |
| 5:32 | Build | Mill |
| 5:37 | Create | Villager (Male) |
| 5:48 | Create | Villager (Male) |
| 6:17 | Build | Palisade Wall |
| 7:00 | Create | Villager (Male) |
| 7:24 | Create | Villager (Male) |
| 7:46 | Build | Mining Camp |
| 8:02 | Create | Villager (Male) |
| 8:24 | Research | Loom |
| 8:25 | Research | Feudal Age |
| 9:57 | Create | Villager (Male) |
| 9:58 | Create | Villager (Male) |
| 11:02 | Age | Feudal Age |
| 11:06 | Build | Market |
| 11:30 | Build | Blacksmith |
| 11:59 | Build | Mining Camp |
| 12:41 | Research | Castle Age |
| 14:59 | Create | Villager (Male) |
| 15:21 | Age | Castle Age |
| 16:43 | Build | Castle |
| 18:02 | Build | Mill |
| 18:06 | Build | Lumber Camp |
| 18:34 | Create | Magyar Huszar |
| 19:03 | Create | Magyar Huszar |
| 19:14 | Create | Magyar Huszar |
| 19:42 | Build | Market |
| 20:33 | Create | Magyar Huszar |
| 20:33 | Create | Magyar Huszar |
| 20:36 | Build | House |
| 20:39 | Build | House |
| 20:40 | Build | House |
| 21:58 | Create | Magyar Huszar |
| 22:01 | Create | Magyar Huszar |
| 22:01 | Create | Magyar Huszar |
| 22:26 | Create | Magyar Huszar |
| 22:26 | Create | Magyar Huszar |
| 22:57 | Research | Double-Bit Axe |
| 23:36 | Create | Magyar Huszar |
| 23:36 | Create | Magyar Huszar |
| 24:31 | Build | Town Center |
| 25:43 | Create | Magyar Huszar |
| 25:45 | Create | Villager (Male) |
| 26:07 | Create | Magyar Huszar |
| 26:26 | Create | Villager (Male) |
| 26:27 | Create | Villager (Male) |
| 26:31 | Build | Farm |
| 27:13 | Create | Villager (Male) |
| 27:14 | Build | House |
| 27:16 | Build | House |
| 27:33 | Build | Monastery |
| 28:06 | Create | Villager (Male) |
| 28:22 | Create | Monk |
| 28:32 | Build | Farm |
| 28:35 | Build | Farm |
| 28:57 | Build | Farm |
| 28:58 | Create | Villager (Male) |
| 29:40 | Build | Farm |
| 30:23 | Build | Castle |
| 31:04 | Create | Villager (Male) |
| 31:04 | Create | Villager (Male) |
| 31:18 | Build | Lumber Camp |
| 31:25 | Create | Magyar Huszar |
| 31:26 | Create | Magyar Huszar |
| 31:56 | Create | Villager (Male) |
| 31:56 | Create | Villager (Male) |
Build order — Thomas Sankara
132 actions detected in the replay
| 0:00 | Create | Villager (Male) |
| 0:01 | Build | House |
| 0:03 | Build | House |
| 0:23 | Create | Villager (Male) |
| 0:23 | Create | Villager (Male) |
| 0:23 | Create | Villager (Male) |
| 1:33 | Create | Villager (Male) |
| 1:33 | Create | Villager (Male) |
| 2:05 | Create | Villager (Male) |
| 2:05 | Create | Villager (Male) |
| 2:28 | Create | Villager (Male) |
| 2:44 | Create | Villager (Male) |
| 3:07 | Create | Villager (Male) |
| 3:09 | Create | Villager (Male) |
| 3:09 | Create | Villager (Male) |
| 3:53 | Build | Lumber Camp |
| 4:20 | Create | Villager (Male) |
| 4:20 | Create | Villager (Male) |
| 4:55 | Create | Villager (Male) |
| 5:12 | Create | Villager (Male) |
| 5:42 | Build | Mining Camp |
| 5:51 | Research | Loom |
| 6:21 | Research | Feudal Age |
| 8:08 | Build | House |
| 8:33 | Create | Villager (Male) |
| 8:35 | Age | Feudal Age |
| 8:48 | Build | Town Center |
| 8:49 | Create | Villager (Male) |
| 9:01 | Create | Villager (Male) |
| 9:01 | Create | Villager (Male) |
| 9:11 | Build | Mining Camp |
| 9:15 | Create | Villager (Male) |
| 10:08 | Build | Town Center |
| 10:25 | Build | Town Center |
| 10:30 | Create | Villager (Male) |
| 10:31 | Create | Villager (Male) |
| 10:31 | Create | Villager (Male) |
| 11:21 | Build | Town Center |
| 11:24 | Build | Palisade Gate |
| 11:26 | Build | Palisade Wall |
| 11:29 | Build | Palisade Wall |
| 11:35 | Build | House |
| 12:29 | Build | Watch Tower |
| 12:51 | Build | Blacksmith |
| 13:11 | Build | Watch Tower |
| 13:42 | Build | Siege Workshop |
| 14:30 | Create | Battering Ram |
| 14:59 | Create | Battering Ram |
| 15:53 | Build | Mill |
| 16:40 | Build | Watch Tower |
| 16:59 | Build | Farm |
| 17:01 | Build | Farm |
| 17:11 | Create | Villager (Male) |
| 18:03 | Build | Farm |
| 18:03 | Build | Farm |
| 18:03 | Build | Farm |
| 18:03 | Build | Farm |
| 19:26 | Build | Farm |
| 19:36 | Create | Villager (Male) |
| 19:46 | Create | Villager (Male) |
| 19:54 | Build | Farm |
| 20:20 | Create | Villager (Male) |
| 20:25 | Build | Farm |
| 20:43 | Create | Villager (Male) |
| 21:03 | Build | Lumber Camp |
| 21:10 | Create | Villager (Male) |
| 21:11 | Build | Farm |
| 21:27 | Create | Villager (Male) |
| 21:35 | Build | House |
| 21:37 | Build | Palisade Wall |
| 21:38 | Build | House |
| 21:41 | Create | Villager (Male) |
| 21:44 | Build | Watch Tower |
| 21:48 | Create | Villager (Male) |
| 22:22 | Build | House |
| 22:34 | Build | Market |
| 22:37 | Create | Villager (Male) |
| 22:42 | Build | Palisade Gate |
| 22:46 | Build | Palisade Wall |
| 22:47 | Build | Palisade Wall |
| 22:53 | Build | Palisade Wall |
| 22:54 | Build | Palisade Wall |
| 22:56 | Build | Palisade Wall |
| 23:03 | Research | Fletching |
| 23:08 | Build | Palisade Wall |
| 23:09 | Build | Palisade Wall |
| 23:10 | Build | Palisade Wall |
| 23:20 | Create | Villager (Male) |
| 23:36 | Build | Barracks |
| 23:42 | Build | Palisade Gate |
| 23:45 | Build | Palisade Wall |
| 23:51 | Create | Villager (Male) |
| 24:06 | Build | Palisade Wall |
| 24:08 | Build | Palisade Wall |
| 24:24 | Build | Palisade Wall |
| 24:25 | Create | Villager (Male) |
| 24:31 | Build | House |
| 24:51 | Build | House |
| 25:05 | Create | Villager (Male) |
| 25:14 | Build | Watch Tower |
| 25:23 | Create | Villager (Male) |
| 25:43 | Build | Palisade Wall |
| 25:45 | Build | Palisade Wall |
| 25:47 | Build | Palisade Wall |
| 26:04 | Build | Palisade Wall |
| 26:25 | Create | Villager (Male) |
| 27:02 | Build | Town Center |
| 27:04 | Build | Palisade Wall |
| 27:13 | Build | Palisade Wall |
| 27:15 | Create | Villager (Male) |
| 27:57 | Build | Palisade Wall |
| 28:11 | Build | House |
| 28:26 | Create | Villager (Male) |
| 28:32 | Create | Villager (Male) |
| 28:33 | Build | House |
| 28:43 | Build | House |
| 29:01 | Build | Farm |
| 29:04 | Create | Villager (Male) |
| 29:04 | Create | Villager (Male) |
| 29:34 | Create | Villager (Male) |
| 29:34 | Create | Villager (Male) |
| 29:42 | Build | Farm |
| 29:50 | Build | Farm |
| 30:04 | Create | Villager (Male) |
| 30:06 | Build | Farm |
| 30:15 | Build | Farm |
| 30:18 | Create | Villager (Male) |
| 30:19 | Create | Villager (Male) |
| 31:18 | Build | Town Center |
| 31:39 | Build | Palisade Wall |
| 31:43 | Build | Palisade Wall |
| 31:45 | Build | Palisade Wall |
Match timeline
| 6:17 | Tom Tucker · wall_segment Palisade Wall x1 |
| 8:35 | Thomas Sankara · age_up feudal |
| 11:02 | Tom Tucker · age_up feudal |
| 11:26 | Thomas Sankara · wall_segment Palisade Wall x1 |
| 11:29 | Thomas Sankara · wall_segment Palisade Wall x1 |
| 12:06 | Tom Tucker · first_market_sell 100 wood |
| 13:42 | Thomas Sankara · first_building Siege Workshop |
| 15:21 | Tom Tucker · age_up castle |
| 16:43 | Tom Tucker · first_building Castle |
| 21:37 | Thomas Sankara · wall_segment Palisade Wall x1 |
| 22:46 | Thomas Sankara · wall_segment Palisade Wall x1 |
| 22:47 | Thomas Sankara · wall_segment Palisade Wall x1 |
| 22:53 | Thomas Sankara · wall_segment Palisade Wall x1 |
| 22:54 | Thomas Sankara · wall_segment Palisade Wall x1 |
| 22:56 | Thomas Sankara · wall_segment Palisade Wall x1 |
| 23:08 | Thomas Sankara · wall_segment Palisade Wall x1 |
| 23:09 | Thomas Sankara · wall_segment Palisade Wall x1 |
| 23:10 | Thomas Sankara · wall_segment Palisade Wall x1 |
| 23:36 | Thomas Sankara · first_building Barracks |
| 23:45 | Thomas Sankara · wall_segment Palisade Wall x1 |
| 24:06 | Thomas Sankara · wall_segment Palisade Wall x1 |
| 24:08 | Thomas Sankara · wall_segment Palisade Wall x1 |
| 24:24 | Thomas Sankara · wall_segment Palisade Wall x1 |
| 25:40 | Tom Tucker · first_market_buy 100 food |
| 25:43 | Thomas Sankara · wall_segment Palisade Wall x1 |
| 25:45 | Thomas Sankara · wall_segment Palisade Wall x1 |
| 25:47 | Thomas Sankara · wall_segment Palisade Wall x1 |
| 26:04 | Thomas Sankara · wall_segment Palisade Wall x1 |
| 27:04 | Thomas Sankara · wall_segment Palisade Wall x1 |
| 27:13 | Thomas Sankara · wall_segment Palisade Wall x1 |
| 27:33 | Tom Tucker · first_building Monastery |
| 27:57 | Thomas Sankara · wall_segment Palisade Wall x1 |
| 29:09 | Thomas Sankara · first_market_buy 100 food |
| 29:11 | Thomas Sankara · first_market_sell 100 stone |
| 31:39 | Thomas Sankara · wall_segment Palisade Wall x1 |
| 31:43 | Thomas Sankara · wall_segment Palisade Wall x1 |
| 31:45 | Thomas Sankara · wall_segment Palisade Wall x1 |
| 32:05 | Thomas Sankara · resign |
[ AI ANALYSIS · 1 CREDIT ]
What really happened in this match?
Wolo.gg analyzes every decision: build order, eco, micro, common mistakes by bracket. Personalized analysis on WhatsApp or Discord in 30 seconds.
Civ guide
Magyars
Perfil
Tom Tucker